HSSL
JEFFERSONVILLE-YOUNGSVILLE CENTRAL HS TROJANS @ ROCKY POINT HS EAGLES
05/24/2029
 
TOP OF THE 1ST
Jeffersonville-Youngsville Central HS Trojans batting - Pitching for Rocky Point HS Eagles : RHP Franklyn DeMars
Pitching: RHP Franklyn DeMars
Batting: RHB José Rocha 0-0: Called Strike
0-1: Foul Ball, location: 2F
0-2: Foul Ball, location: 2F
0-2: SINGLE (Groundball, 34D)
Batting: LHB Tomás Mata 0-0: Swinging Strike
0-1: Ball
1-1: Ball
2-1: Grounds into double play, 3-6-3 (Groundball, 3)
Batting: LHB Tony Chávez 0-0: Called Strike
0-1: Called Strike
0-2: Ground out 6-3 (Groundball, 6)
Top of the 1st over - 0 runs, 1 hit, 0 errors, 0 left on base; Jeffersonville-Youngsville Central HS 0 - Rocky Point HS 0
BOTTOM OF THE 1ST
Rocky Point HS Eagles batting - Pitching for Jeffersonville-Youngsville Central HS Trojans : RHP Colton Sewell
Pitching: RHP Colton Sewell
Batting: RHB Corey Martin 0-0: Swinging Strike
0-1: Swinging Strike
0-2: Ball
1-2: Ball
2-2: DOUBLE (Line Drive, 89D)
Batting: RHB Glen Williams 0-0: Ball
1-0: Foul Ball, location: 2F
1-1: Swinging Strike
1-2: Ball
2-2: Strikes out swinging
Batting: LHB Daryl Thomas 0-0: Reached on error, E5 (Groundball, 56)
Corey Martin scores
Batting: RHB Yan Gosselin 0-0: Called Strike
0-1: Ball
1-1: Foul Ball, location: 2F
1-2: Ground out 4-3 (Groundball, 4)
Daryl Thomas to third
Batting: LHB Stanton Moore 0-0: Ball
1-0: Swinging Strike
1-1: Ball
2-1: Called Strike
2-2: Ball
3-2: Foul Ball, location: 2F
3-2: Base on Balls
Batting: RHB Sam McWalter 0-0: Ball
1-0: Fly out, F7 (Flyball, 7)
Bottom of the 1st over - 1 run, 1 hit, 1 error, 2 left on base; Jeffersonville-Youngsville Central HS 0 - Rocky Point HS 1
TOP OF THE 2ND
Jeffersonville-Youngsville Central HS Trojans batting - Pitching for Rocky Point HS Eagles : RHP Franklyn DeMars
Batting: RHB Glenn Brooks 0-0: Ground out 5-3 (Groundball, 56S)
Batting: LHB Ben Webb 0-0: Ball
1-0: Called Strike
1-1: Called Strike
1-2: Foul Ball, location: 2F
1-2: Strikes out swinging
Batting: RHB Ben Bradley 0-0: SOLO HOME RUN (Flyball, 78XD), Distance : 432 ft
Batting: LHB Steve Parker 0-0: Called Strike
0-1: Foul Ball, location: 2F
0-2: Strikes out swinging
Top of the 2nd over - 1 run, 1 hit, 0 errors, 0 left on base; Jeffersonville-Youngsville Central HS 1 - Rocky Point HS 1
BOTTOM OF THE 2ND
Rocky Point HS Eagles batting - Pitching for Jeffersonville-Youngsville Central HS Trojans : RHP Colton Sewell
Batting: RHB Bud Manning 0-0: Called Strike
0-1: Swinging Strike
0-2: Strikes out looking
Batting: RHB Cornell Clark 0-0: SOLO HOME RUN (Flyball, 7D), Distance : 361 ft
Batting: RHB Vincent Turner 0-0: Ball
1-0: Called Strike
1-1: Fly out, F8 (Flyball, 8LM)
Batting: RHB Corey Martin 0-0: Foul Ball, location: 2F
0-1: Called Strike
0-2: Ball
1-2: Ball
2-2: SINGLE (Line Drive, 3)
Batting: RHB Glen Williams 0-0: Called Strike
0-1: Foul Ball, location: 2F
0-2: Ball
1-2: Ball
2-2: SINGLE (Groundball, 6MD)
Corey Martin to second
Runner from 2nd tries for 3rd, SAFE, throw made to third
Batting: LHB Daryl Thomas 0-0: Ball
1-0: Called Strike
1-1: Swinging Strike
1-2: Ball
2-2: Foul Ball, location: 2F
2-2: Strikes out swinging
Bottom of the 2nd over - 1 run, 3 hits, 0 errors, 2 left on base; Jeffersonville-Youngsville Central HS 1 - Rocky Point HS 2
TOP OF THE 3RD
Jeffersonville-Youngsville Central HS Trojans batting - Pitching for Rocky Point HS Eagles : RHP Franklyn DeMars
Batting: LHB Ed Williams 0-0: Called Strike
0-1: Foul Ball, location: 2F
0-2: Ball
1-2: Foul Ball, location: 2F
1-2: Foul Ball, location: 2F
1-2: SINGLE (Groundball, 34D)
Batting: RHB Duane Bradley 0-0: Ball
1-0: Ball
2-0: Swinging Strike
2-1: Foul Ball, location: 2F
2-2: Strikes out looking
Batting: RHB José Rocha 0-0: Ball
1-0: Foul Ball, location: 2F
1-1: Fly out, F7 (Flyball, 7S)
Batting: LHB Tomás Mata 0-0: Swinging Strike
0-1: Foul Ball, location: 2F
0-2: Ball
1-2: Strikes out swinging
Top of the 3rd over - 0 runs, 1 hit, 0 errors, 1 left on base; Jeffersonville-Youngsville Central HS 1 - Rocky Point HS 2
BOTTOM OF THE 3RD
Rocky Point HS Eagles batting - Pitching for Jeffersonville-Youngsville Central HS Trojans : RHP Colton Sewell
Batting: RHB Yan Gosselin 0-0: Ball
1-0: Swinging Strike
1-1: Foul Ball, location: 2F
1-2: Ball
2-2: Ball
3-2: Base on Balls
Batting: LHB Stanton Moore 0-0: Foul Ball, location: 2F
0-1: Swinging Strike
0-2: Strikes out swinging
Batting: RHB Sam McWalter 0-0: Called Strike
0-1: Foul Ball, location: 2F
0-2: Strikes out looking
Batting: RHB Bud Manning 0-0: Fly out, F7 (Flyball, 7)
Bottom of the 3rd over - 0 runs, 0 hits, 0 errors, 1 left on base; Jeffersonville-Youngsville Central HS 1 - Rocky Point HS 2
TOP OF THE 4TH
Jeffersonville-Youngsville Central HS Trojans batting - Pitching for Rocky Point HS Eagles : RHP Franklyn DeMars
Batting: LHB Tony Chávez 0-0: Foul Ball, location: 2F
0-1: Foul Ball, location: 2F
0-2: Ball
1-2: Fly out, F9 (Line Drive, 89D)
Batting: RHB Glenn Brooks 0-0: Called Strike
0-1: Ball
1-1: Fly out, F7 (Flyball, 78S)
Batting: LHB Ben Webb 0-0: Called Strike
0-1: Ball
1-1: Swinging Strike
1-2: Ball
2-2: Ball
3-2: Strikes out swinging
Top of the 4th over - 0 runs, 0 hits, 0 errors, 0 left on base; Jeffersonville-Youngsville Central HS 1 - Rocky Point HS 2
BOTTOM OF THE 4TH
Rocky Point HS Eagles batting - Pitching for Jeffersonville-Youngsville Central HS Trojans : RHP Colton Sewell
Batting: RHB Cornell Clark 0-0: Ground out 4-3 (Groundball, 4M)
Batting: RHB Vincent Turner 0-0: Foul Ball, location: 2F
0-1: Called Strike
0-2: Strikes out looking
Batting: RHB Corey Martin 0-0: Ball
1-0: Called Strike
1-1: Foul Ball, location: 2F
1-2: Strikes out looking
Bottom of the 4th over - 0 runs, 0 hits, 0 errors, 0 left on base; Jeffersonville-Youngsville Central HS 1 - Rocky Point HS 2
TOP OF THE 5TH
Jeffersonville-Youngsville Central HS Trojans batting - Pitching for Rocky Point HS Eagles : RHP Franklyn DeMars
Batting: RHB Ben Bradley 0-0: Called Strike
0-1: Ball
1-1: SINGLE (Line Drive, 56D)
Batting: LHB Steve Parker 0-0: Called Strike
0-1: Swinging Strike
0-2: Ball
1-2: Ball
2-2: Ball
3-2: Base on Balls
Ben Bradley to second
Batting: LHB Ed Williams 0-0: Swinging Strike
0-1: Ball
1-1: Swinging Strike
1-2: Ball
2-2: Ball
3-2: Strikes out swinging
Batting: RHB Duane Bradley 0-0: Ball
1-0: Foul Ball, location: 2F
1-1: Called Strike
1-2: Ball
2-2: Strikes out swinging
Batting: RHB José Rocha 0-0: Called Strike
0-1: Ball
1-1: Ball
2-1: Ball
3-1: Foul Ball, location: 2F
3-2: Ground out 5-3 (Groundball, 56)
Top of the 5th over - 0 runs, 1 hit, 0 errors, 2 left on base; Jeffersonville-Youngsville Central HS 1 - Rocky Point HS 2
BOTTOM OF THE 5TH
Rocky Point HS Eagles batting - Pitching for Jeffersonville-Youngsville Central HS Trojans : RHP Colton Sewell
Batting: RHB Glen Williams 0-0: Called Strike
0-1: Ground out 4-3 (Groundball, 4)
Batting: LHB Daryl Thomas 0-0: Called Strike
0-1: Ball
1-1: Called Strike
1-2: Strikes out swinging
Batting: RHB Yan Gosselin 0-0: Called Strike
0-1: Ground out 4-3 (Groundball, 4)
Bottom of the 5th over - 0 runs, 0 hits, 0 errors, 0 left on base; Jeffersonville-Youngsville Central HS 1 - Rocky Point HS 2
TOP OF THE 6TH
Jeffersonville-Youngsville Central HS Trojans batting - Pitching for Rocky Point HS Eagles : RHP Franklyn DeMars
Batting: LHB Tomás Mata 0-0: Called Strike
0-1: Ball
1-1: Ball
2-1: Ball
3-1: SINGLE (Groundball, 3D)
Pitching: RHP Cam Burns
Batting: LHB Tony Chávez 0-0: Ball
1-0: Called Strike
1-1: Ball
2-1: Foul Ball, location: 2F
2-2: Fly out, F9 (Flyball, 9LM)
Batting: RHB Glenn Brooks 0-0: Called Strike
0-1: Ball
1-1: Ball
2-1: Ball
3-1: Foul Ball, location: 2F
3-2: Base on Balls
Tomás Mata to second
Batting: LHB Ben Webb 0-0: Ball
1-0: Foul Ball, location: 2F
1-1: Fly out, F7 (Flyball, 7)
Batting: RHB Ben Bradley 0-0: Ball
1-0: Swinging Strike
1-1: Ball
2-1: Foul Ball, location: 2F
2-2: Ball
3-2: Base on Balls
Tomás Mata to third
Glenn Brooks to second
Batting: LHB Steve Parker 0-0: Ball
1-0: Foul Ball, location: 2F
1-1: Swinging Strike
1-2: Foul Ball, location: 2F
1-2: Ball
2-2: Foul Ball, location: 2F
2-2: Ball
3-2: Foul Ball, location: 2F
3-2: Strikes out looking
Top of the 6th over - 0 runs, 1 hit, 0 errors, 3 left on base; Jeffersonville-Youngsville Central HS 1 - Rocky Point HS 2
BOTTOM OF THE 6TH
Rocky Point HS Eagles batting - Pitching for Jeffersonville-Youngsville Central HS Trojans : RHP Colton Sewell
Batting: LHB Stanton Moore 0-0: Foul Ball, location: 2F
0-1: Called Strike
0-2: Ball
1-2: Ball
2-2: Foul Ball, location: 2F
2-2: Ball
3-2: Fly out, F7 (Flyball, 7S)
Pitching: RHP Jerry Billings
Batting: RHB Sam McWalter 0-0: Fly out, F5 (Popup, 6S)
Batting: RHB Bud Manning 0-0: Called Strike
0-1: Swinging Strike
0-2: Ball
1-2: Strikes out swinging
Bottom of the 6th over - 0 runs, 0 hits, 0 errors, 0 left on base; Jeffersonville-Youngsville Central HS 1 - Rocky Point HS 2
TOP OF THE 7TH
Jeffersonville-Youngsville Central HS Trojans batting - Pitching for Rocky Point HS Eagles : RHP Cam Burns
Batting: LHB Ed Williams 0-0: Ball
1-0: Ground out U3 (Groundball, 34)
Batting: RHB Duane Bradley 0-0: Fly out, F8 (Flyball, 8LD)
Batting: RHB José Rocha 0-0: Foul Ball, location: 2F
0-1: Ball
1-1: Foul Ball, location: 2F
1-2: SINGLE (Groundball, 34S) (infield hit)
Batting: LHB Tomás Mata 0-0: Ball
1-0: Called Strike
1-1: Called Strike
1-2: Foul Ball, location: 2F
1-2: Ball
José Rocha steals 2nd base
2-2: Ball
3-2: Reached on error, E5 (Groundball, 56)
José Rocha scores
Batting: LHB Tony Chávez 0-0: Foul Ball, location: 2F
0-1: Foul Ball, location: 2F
0-2: Foul Ball, location: 2F
0-2: SINGLE (Groundball, 4) (infield hit)
Tomás Mata to third
Batting: RHB Glenn Brooks 0-0: Ball
1-0: Ball
2-0: Called Strike
2-1: Called Strike
2-2: Ball
3-2: Base on Balls
Tony Chávez to second
Batting: LHB Ben Webb 0-0: Swinging Strike
0-1: Ball
1-1: Swinging Strike
1-2: Ball
2-2: Ball
3-2: Strikes out looking
Top of the 7th over - 1 run, 2 hits, 1 error, 3 left on base; Jeffersonville-Youngsville Central HS 2 - Rocky Point HS 2
BOTTOM OF THE 7TH
Rocky Point HS Eagles batting - Pitching for Jeffersonville-Youngsville Central HS Trojans : RHP Jerry Billings
Batting: RHB Cornell Clark 0-0: Foul Ball, location: 2F
0-1: Ball
1-1: Ball
2-1: Called Strike
2-2: Fly out, F9 (Flyball, 9D)
Batting: RHB Vincent Turner 0-0: Called Strike
0-1: Ball
1-1: Ball
2-1: Called Strike
2-2: SINGLE (Line Drive, 9S)
Batting: RHB Corey Martin 0-0: Foul Ball, location: 2F
0-1: Hit by Pitch
Vincent Turner to second
Batting: RHB Glen Williams 0-0: Foul Ball, location: 2F
0-1: Ball
1-1: Foul Ball, location: 2F
1-2: SINGLE (Line Drive, 78S)
Vincent Turner to third
Corey Martin to second
Batting: LHB Daryl Thomas 0-0: Swinging Strike
0-1: Ball
1-1: Called Strike
1-2: Foul Ball, location: 2F
1-2: Strikes out swinging
Batting: RHB Yan Gosselin 0-0: Ball
1-0: Fly out, F7 (Line Drive, 78D)
Bottom of the 7th over - 0 runs, 2 hits, 0 errors, 3 left on base; Jeffersonville-Youngsville Central HS 2 - Rocky Point HS 2
TOP OF THE 8TH
Jeffersonville-Youngsville Central HS Trojans batting - Pitching for Rocky Point HS Eagles : RHP Cam Burns
Batting: RHB Ben Bradley 0-0: Ball
1-0: Swinging Strike
1-1: Ground out 4-3 (Groundball, 4)
Batting: LHB Steve Parker 0-0: Called Strike
0-1: Ball
1-1: Foul Ball, location: 2F
1-2: Ball
2-2: Strikes out swinging
Pitching: LHP Ron Parker
Pinch Hitting: RHB Steve Mitchell 0-0: Ball
1-0: Called Strike
1-1: Foul Ball, location: 2F
1-2: Ball
2-2: SINGLE (Groundball, 6MD)
Batting: RHB Duane Bradley 0-0: Ball
1-0: Foul Ball, location: 2F
1-1: Foul Ball, location: 2F
1-2: Ball
2-2: Foul Ball, location: 2F
2-2: Ball
3-2: Base on Balls
Steve Mitchell to second
Batting: RHB José Rocha 0-0: Ball
1-0: Fly out, F7 (Flyball, 7S)
Top of the 8th over - 0 runs, 1 hit, 0 errors, 2 left on base; Jeffersonville-Youngsville Central HS 2 - Rocky Point HS 2
BOTTOM OF THE 8TH
Rocky Point HS Eagles batting - Pitching for Jeffersonville-Youngsville Central HS Trojans : RHP Jerry Billings
Now in RF: Jack Slater
Batting: LHB Stanton Moore 0-0: Ground out 4-3 (Groundball, 4)
Batting: RHB Sam McWalter 0-0: Foul Ball, location: 2F
0-1: Foul Ball, location: 2F
0-2: Foul Ball, location: 2F
0-2: Ball
1-2: Ball
2-2: Ball
3-2: Fly out, F9 (Flyball, 89S)
Batting: RHB Bud Manning 0-0: Ball
1-0: Called Strike
1-1: Foul Ball, location: 2F
1-2: Strikes out looking
Bottom of the 8th over - 0 runs, 0 hits, 0 errors, 0 left on base; Jeffersonville-Youngsville Central HS 2 - Rocky Point HS 2
TOP OF THE 9TH
Jeffersonville-Youngsville Central HS Trojans batting - Pitching for Rocky Point HS Eagles : LHP Ron Parker
Batting: LHB Tomás Mata 0-0: Ball
1-0: Ball
2-0: Foul Ball, location: 2F
2-1: Foul Ball, location: 2F
2-2: Ball
3-2: Base on Balls
Batting: LHB Tony Chávez 0-0: Ball
1-0: Ball
2-0: Called Strike
2-1: Foul Ball, location: 2F
2-2: Ball
3-2: Strikes out swinging
Batting: RHB Glenn Brooks 0-0: Ball
1-0: Ball
2-0: Called Strike
2-1: Foul Ball, location: 2F
2-2: Ground out U3 (Groundball, 3S)
Tomás Mata to second
Batting: LHB Ben Webb 0-0: Ball
1-0: Ball
2-0: Foul Ball, location: 2F
2-1: SINGLE (Line Drive, 4MD)
Tomás Mata to third
Batting: RHB Ben Bradley 0-0: Hit by Pitch
Ben Webb to second
Batting: LHB Steve Parker 0-0: Ball
1-0: Foul Ball, location: 2F
1-1: Foul Ball, location: 2F
1-2: Ball
2-2: Ball
3-2: GRAND SLAM HOME RUN (Flyball, 9D), Distance : 385 ft
Pitching: RHP Phil Scott
Batting: RHB Jack Slater 0-0: Ball
1-0: Ball
2-0: Ball
3-0: Base on Balls
Batting: RHB Duane Bradley 0-0: Ball
1-0: Called Strike
Jack Slater is caught stealing 2nd base
Top of the 9th over - 4 runs, 2 hits, 0 errors, 0 left on base; Jeffersonville-Youngsville Central HS 6 - Rocky Point HS 2
BOTTOM OF THE 9TH
Rocky Point HS Eagles batting - Pitching for Jeffersonville-Youngsville Central HS Trojans : RHP Jerry Billings
Batting: RHB Cornell Clark 0-0: Called Strike
0-1: Ball
1-1: SINGLE (Groundball, 56D)
Batting: RHB Vincent Turner 0-0: Ball
1-0: Called Strike
1-1: Fly out, F7 (Flyball, 7D)
Pitching: RHP Johnny Outram
Batting: RHB Corey Martin 0-0: Fly out, F8 (Flyball, 89D)
Batting: RHB Glen Williams 0-0: Called Strike
0-1: Ball
1-1: Foul Ball, location: 2F
1-2: Ball
2-2: DOUBLE (Flyball, 8LD)
Cornell Clark to third
Batting: LHB Daryl Thomas 0-0: Ball
1-0: Ball
2-0: Ball
3-0: Called Strike
3-1: SINGLE (Line Drive, 56)
Cornell Clark scores
Glen Williams to third
Batting: RHB Yan Gosselin 0-0: Ball
1-0: Ball
2-0: DOUBLE (Flyball, 89D)
Glen Williams scores
Daryl Thomas to third
Batting: LHB Stanton Moore 0-0: Swinging Strike
0-1: Ball
1-1: Ball
2-1: Ball
3-1: Base on Balls
Batting: RHB Sam McWalter 0-0: Ball
1-0: Foul Ball, location: 2F
1-1: Called Strike
1-2: Ball
2-2: Hit by Pitch
Daryl Thomas scores
Yan Gosselin to third
Stanton Moore to second
Pitching: RHP Juan García
Batting: RHB Bud Manning 0-0: Ball
1-0: Ball
2-0: Ball
3-0: Called Strike
3-1: Base on Balls
Yan Gosselin scores
Stanton Moore to third
Sam McWalter to second
Batting: RHB Cornell Clark 0-0: GRAND SLAM HOME RUN (Flyball, 7LD), Distance : 356 ft
GAME OVER ... ROCKY POINT HS DEFEATS JEFFERSONVILLE
Youngsville Central HS, 10 to 6
Saturday, December 16th, 2017 - OOTP Baseball 18.8 Build 76